 Dungeon Crawl Stone Soup version 0.30-a0-989-g0d87f670db (webtiles) character file.

Game seed: 11872784190212875167

199 DeathPants the Slasher (level 5, -6/28 HPs)
             Began as a Vine Stalker Gladiator on Apr 2, 2023.
             Killed by nerve-wracking pain
             ... invoked by an orc priest
              (11 damage)
             ... on level 4 of the Dungeon.
             The game lasted 00:07:38 (2616 turns).

DeathPants the Slasher (Vine Stalker Gladiator)     Turns: 2616, Time: 00:07:39

Health: -6/28      AC:  7    Str: 17    XL:     5   Next: 77%
Magic:  0/6        EV: 12    Int:  8    God:
Gold:   155        SH:  0    Dex: 17    Spells: 4/4 levels left

rFire   . . .      SeeInvis .    a - +0 long sword
rCold   . . .      Faith    .    (no shield)
rNeg    . . .      Spirit   +    k - +0 ring mail
rPois   .          Reflect  .    c - +0 helmet
rElec   .          Rampage  .    (no cloak)
rCorr   .                        i - +0 pair of gloves
Will    .....                    (no boots)
Stlth   +                        (no amulet)
HPRegen 1.04/turn                (no ring)
MPRegen 0.10/turn                (no ring)

@: no status effects
A: fangs 2, regeneration 1, magic shield, antimagic bite, no potion heal 2
a: no special abilities


You were on level 4 of the Dungeon.
You visited 1 branch of the dungeon, and saw 5 of its levels.

You collected 155 gold pieces.

Inventory:

Hand Weapons
 a - a +0 long sword (weapon)
Missiles
 d - 3 throwing nets (quivered)
 e - a javelin
 j - 7 poisoned darts
 o - 4 boomerangs
Armour
 c - a +0 helmet (worn)
 i - a +0 pair of gloves (worn)
 k - a +0 ring mail (worn)
Jewellery
 h - a ring of ice
Scrolls
 p - 3 scrolls of teleportation
 r - a scroll of amnesia
Potions
 b - a potion of lignification
 f - a potion of attraction
 g - 2 potions of brilliance
 l - 2 potions of berserk rage
 m - 4 potions of haste {unknown}
 n - 2 potions of mutation {unknown}
 q - 2 potions of curing
 s - a potion of flight {unknown}


   Skills:
 + Level 2.8 Fighting
 * Level 4.1 Long Blades
 - Level 1.7 Throwing
 + Level 1.7 Armour
 + Level 3.1 Dodging


You had 4 spell levels left.
You didn't know any spells.
Your spell library was empty.

Dungeon Overview and Level Annotations

Branches:
Dungeon (5/15)
 Temple: D:4-7

Altars:
Fedhas
Kikubaaqudgha

Shops:
D:1 ((**[


Innate Abilities, Weirdness & Mutations

You have extremely sharp teeth.
Your natural rate of healing is unusually fast.
When hurt, damage is shared between your health and your magic reserves.
Your bite disrupts and absorbs the magic of your enemies.
Potions cannot restore your health.


Message History

The orc priest misses you.
You hit the orc priest but do no damage.
You bite the orc priest, but do no damage.
The orc priest is lightly wounded.
The orc priest barely misses you.
The orc priest begins to cast a cantrip, but forgets the words!
The orc hits you with a +0 morningstar.
You slash the orc priest! You bite the orc priest. You drain its power.
You feel invigorated.
The orc priest is severely wounded.
The orc priest hits you but does no damage.
The orc priest hits you with a +0 hand axe.
The orc closely misses you.
The orc priest hits you but does no damage.
The orc priest barely misses you. The orc barely misses you.
You hit the orc priest. Your bite misses the orc priest.
The orc priest is almost dead.
The orc priest barely misses you. The orc misses you.
The orc priest barely misses you.
You hit the orc priest but do no damage.
The orc priest is almost dead.
The orc priest hits you but does no damage.
The orc priest barely misses you. The orc hits you with a +0 morningstar.
You closely miss the orc priest. Your bite misses the orc priest.
The orc priest is severely wounded.
The orc closely misses you. The orc priest hits you with a +0 club.
The orc priest closely misses you.
You closely miss the orc priest.
The orc priest is severely wounded.
The orc priest closely misses you. The orc barely misses you.
The orc priest mumbles some strange prayers to Beogh against you.
Pain shoots through your body!
* * * LOW HITPOINT WARNING * * *
You hit the orc priest.
The orc priest is almost dead.
The orc priest begins to cast a cantrip, but forgets the words!
The orc priest barely misses you. The orc closely misses you.
The orc priest mumbles some strange prayers to Beogh against you.
Pain shoots through your body!
You die...

.# ... ..# ... . #.##########
##.. #..#o......##...#
#.o@#........... ####
###o..........(.
#######....#+###...).........
......#........#.##..>.......
#####.#........#.####.#.#####
#.#..........# #.#...
#.#.........#####.# ###
#.#...............#
#.#........########


You could see 2 orc priests and an orc.

Vanquished Creatures
  An orc priest (D:3)
  Jessica (D:2)
  3 gnolls (D:3)
  3 adders
  4 worms
  2 dart slugs (D:1)
  4 orcs
  10 ball pythons
  6 endoplasms
  A giant cockroach (D:2)
  8 goblins
  6 hobgoblins
  8 kobolds
  3 quokkas
  4 bats
  3 frilled lizards
  4 rats
71 creatures vanquished.

Notes
Turn   | Place    | Note
-------+----------+-------------------------------------------
     0 | D:1      | DeathPants the Vine Stalker Gladiator began the quest for
                  | the Orb.
     0 | D:1      | Reached XP level 1. HP: 11/11 MP: 2/2
    99 | D:1      | Reached XP level 2. HP: 7/15 MP: 1/3
   123 | D:1      | Reached skill level 3 in Long Blades
   185 | D:2      | Reached XP level 3. HP: 7/18 MP: 4/4
   235 | D:1      | Found Vebieff's Weapon Emporium.
   431 | D:1      | Found Voezilie's Assorted Antiques.
   439 | D:1      | Found Ysiwn's Assorted Antiques.
   447 | D:1      | Reached skill level 1 in Armour
   563 | D:1      | Found Gugexzor's Armour Emporium.
   613 | D:1      | Found Comatefre's Antique Weapon Shoppe.
   660 | D:1      | Found a faded altar of an unknown god.
  1082 | D:2      | Gained mutation: Your natural rate of healing is unusually
                  | fast. [Vine Stalker growth]
  1082 | D:2      | Reached XP level 4. HP: 19/23 MP: 5/5
  1102 | D:2      | Noticed Jessica
  1110 | D:2      | Killed Jessica
  1650 | D:3      | Reached XP level 5. HP: 19/27 MP: 2/6
  1868 | D:3      | Found an ancient bone altar of Kikubaaqudgha.
  2222 | D:3      | Found a blossoming altar of Fedhas.
  2243 | D:3      | Reached skill level 4 in Long Blades
  2593 | D:5      | Entered Level 5 of the Dungeon
  2616 | D:4      | Killed from afar by an orc priest

Illustrated notes

Levels and vault maps discovered:
D:1:      reono_arrival_forest_river, layout_rooms, serial_shops, shop, shop,
          nicolae_shop_bloodbath_and_beyond, nicolae_shop_behind_doors,
          nicolae_shop_statue_plus, shapermc_ecumenical_altar_mp_urbaneastern
D:2:      layout_loops_ring, minmay_misc_feat_encased, uniq_jessica
D:3:      layout_basic, mainiacjoe_overflow_six_doors_small,
          fedhas_altar_fruit_tree
D:4:      layout_basic, mainiacjoe_overflow_alcove_2, minmay_quantized,
          uniq_edmund
D:5:      layout_cave_pools, mainiacjoe_overflow_alcove_4,
          general_overflow_altar

Skill      XL: |  1  2  3  4  5 |
---------------+----------------+-----
Fighting       | 2 |  2.8
Long Blades    | 3 4 |  4.1
Armour         | 1 |  1.7
Dodging        | 3 |  3.1
Throwing       | |  1.7

Action                     |  1- 3 |  4- 6 || total
---------------------------+-------+-------++-------
  Melee: Long sword        |   104 |   114 ||   218
         Bite              |    22 |    28 ||    50
         Punch             |       |     2 ||     2
    Use: Scroll            |     3 |     6 ||     9
   Stab: Sleeping          |     3 |       ||     3
 Armour: Leather armour    |    33 |    11 ||    44
         Ring mail         |       |    28 ||    28
  Dodge: Dodged            |    97 |    88 ||   185

Table legend: (Time is in decaauts)
 A = Elapsed time spent in this place.
 B = Non-inter-level travel time spent in this place.
 C = Inter-level travel time spent in this place.
 D = Time resting spent in this place.
 E = Time spent auto-exploring this place.
 F = Levels seen in this place.
 G = Mean time per level.
                   A        B        C        D        E       F      G
               +--------+--------+--------+--------+--------+-----+--------+
         Total |   2676 |   2666 |     10 |    100 |   1737 |   5 |  535.2 |
       Dungeon |   2676 |   2666 |     10 |    100 |   1737 |   5 |  535.2 |
               +--------+--------+--------+--------+--------+-----+--------+

Top non-repeatable levels by time:
     D:2: 925 daAuts
     D:3: 910 daAuts
     D:1: 744 daAuts
     D:4: 94 daAuts
     D:5: 1 daAuts
